 Dungeon Crawl Stone Soup version 0.19-a0-994-g3c636f0 (webtiles) character file.

249 mistymad the Poker (level 6, -23/73 HPs)
             Began as a Merfolk Monk on July 15, 2016.
             Killed from afar by Menkaure (40 damage)
             ... with an exploding inner flame
             ... hexed by the player character
             ... on level 4 of the Dungeon.
             The game lasted 00:07:57 (3914 turns).

mistymad the Poker (Merfolk Monk)                   Turns: 3914, Time: 00:07:58

Health: -23/73     AC: 23    Str: 13    XL:     6   Next: 12%
Magic:  6/6        EV:  2    Int:  9    God:
Gold:   126        SH:  0    Dex: 17    Spells: 0 memorised, 5 levels left

rFire  . . .     SeeInvis .     a - +0 spear
rCold  . . .     Gourm    .     (armour currently unavailable)
rNeg   + + +     Faith    .     (no shield)
rPois  +         Spirit   .     (helmet currently unavailable)
rElec  .         Dismiss  .     (cloak currently unavailable)
rCorr  .         Reflect  .     (gloves currently unavailable)
SustAt .         Harm     .     (boots currently unavailable)
MR     .....     NoTele   +     (no amulet)
Stlth  +++.......               (no ring)
                                (no ring)

@: tree-form, very slightly contaminated, not resistant to hostile enchantments,
fairly stealthy
A: (change form in water), (swift swim)
a: no special abilities


You were on level 4 of the Dungeon.
You were not hungry.
You were a tree.
You visited 1 branch of the dungeon, and saw 4 of its levels.

You collected 126 gold pieces.

Inventory:

Hand Weapons
 a - a +0 spear (weapon)
Armour
 b - a +0 robe (melded)
 o - a +0 pair of gloves (melded)
 r - a +0 pair of boots (melded)
 s - a +1 helmet of intelligence (melded)
Jewellery
 k - an uncursed ring of protection from magic {unknown}
Scrolls
 d - a scroll of blinking
 i - a scroll of identify
 j - a scroll of immolation
 n - a scroll of remove curse
 p - 2 scrolls of enchant weapon {unknown}
 q - a scroll of teleportation {unknown}
Potions
 f - a potion of lignification
 g - 2 potions of heal wounds
 h - a potion of haste {unknown}
Comestibles
 c - 2 bread rations


   Skills:
 + Level 4.6 Fighting
 + Level 5.8 Polearms
 + Level 2.0 Armour
 + Level 5.7 Dodging
 - Level 2.1 Stealth


You had 5 spell levels left.
You didn't know any spells.

Dungeon Overview and Level Annotations

Branches:
Dungeon (4/15)
 Temple: D:4-7

Altars:
Hepliaklqana
Kikubaaqudgha
Makhleb
Okawaru

Annotations:
D:3 Grinder, Sigmund


Message History

Menkaure is almost destroyed.
Menkaure hits you but does no damage.
You hit Menkaure but do no damage.
Menkaure is almost destroyed.
You hit Menkaure but do no damage.
Menkaure is almost destroyed.
Menkaure hits you.
* * * LOW HITPOINT WARNING * * *
You take 2 damage, and have 17/73 hp.
You hit Menkaure but do no damage.
Menkaure is almost destroyed.
Menkaure hits you but does no damage.
You barely miss Menkaure.
Menkaure is almost destroyed.
Menkaure hits you but does no damage.
You hit Menkaure.
Menkaure explodes!
The fiery explosion engulfs you!
Ouch! That really hurt!
You die...

#.# #+### #.# ....M#
#######.####.....# ####
#..........'.._..+
...##########..........#
.....[.....##..........#
...........##...)......#
...........########.####
...............§♣§§>#
...............####.#
...........###.# #.#
...........# #.# ...
...........# #.# #.##
..........## #.# #.#
#########.# #.# #.# #
#.# #.# .# #. #.#


There were no monsters in sight!

Vanquished Creatures
  2 orc wizards (D:4)
  A worker ant (D:4)
  Robin (D:3)
  4 adders
  An ooze (D:2)
  3 worms (D:2)
  4 dart slugs
  2 giant geckos
  3 orcs
  6 bats
  6 giant cockroaches
  15 goblins
  8 hobgoblins
  2 jackals (D:2)
  3 quokkas
  A giant gecko skeleton (D:4)
  7 giant newts
  6 kobolds
  9 rats
84 creatures vanquished.

Vanquished Creatures (others)
  An orc wizard (D:4)
1 creature vanquished.

Grand Total: 85 creatures vanquished

Notes
Turn   | Place    | Note
-------+----------+-------------------------------------------
     0 | D:1      | mistymad the Merfolk Monk began the quest for the Orb.
     0 | D:1      | Reached XP level 1. HP: 18/18 MP: 1/1
   108 | D:1      | Reached XP level 2. HP: 17/24 MP: 2/2
   619 | D:1      | Reached XP level 3. HP: 29/29 MP: 3/3
   700 | D:2      | Found a burning altar of Makhleb.
  1313 | D:2      | Reached skill level 5 in Polearms
  1582 | D:2      | Reached XP level 4. HP: 27/37 MP: 4/4
  1666 | D:2      | Found an ancient bone altar of Kikubaaqudgha.
  1739 | D:2      | Reached skill level 1 in Armour
  1872 | D:2      | Reached skill level 5 in Dodging
  2040 | D:3      | Found a hazy altar of Hepliaklqana.
  2072 | D:3      | Noticed Robin
  2124 | D:3      | Killed Robin
  2377 | D:3      | Reached XP level 5. HP: 39/42 MP: 5/5
  2606 | D:3      | Noticed Sigmund
  3242 | D:3      | Noticed Grinder
  3378 | D:4      | Reached XP level 6. HP: 5/49 MP: 6/6
  3883 | D:4      | Found an iron altar of Okawaru.
  3883 | D:4      | Noticed Menkaure
  3914 | D:4      | Killed Menkaure
  3914 | D:4      | Killed from afar by Menkaure

Vault maps used:
D:1:      elethiomel_arrival_maze, serial_bayou_pond_c
D:2:      bloody_makhleb, nicolae_overflow_crystal_walls, first_bread
D:3:      old_standard_altar, cheibriados_altar_1, nicolae_ru_path_of_blood,
          uniq_sigmund, uniq_natasha, uniq_robin, uniq_iyjb, uniq_grinder,
          uniq_terence
D:4:      lemuel_upstairs_altar, kennysheep_little_box, uniq_crazy_yiuf_cottage,
          uniq_menkaure

Skill      XL: |  1  2  3  4  5  6 |
---------------+-------------------+-----
Polearms       | 5 |  5.8
Fighting       | 4 |  4.6
Armour         | 1 2 |  2.0
Dodging        | 5 |  5.7
Stealth        | |  2.1

Action                   |  1- 3 |  4- 6 || total
-------------------------+-------+-------++-------
Melee: Spear             |   130 |   275 ||   405
  Use: Scroll            |       |     7 ||     7
       Potion            |       |     3 ||     3
 Stab: Sleeping          |    11 |     9 ||    20
  Eat: Chunk             |     2 |     8 ||    10
Armor: Robe              |    13 |    44 ||    57
       Skin              |       |     9 ||     9
Dodge: Dodged            |    42 |   131 ||   173
